AoeStats
← bosmansc6

Arabia

504074252Analyzed
2v2 RM · 1mo ago on Sep 3, 2026· 23m 31s· 4 players
Game mode
Random Map
Map size
Medium (4 player)
Population
200
Speed
Normal
Resources
Standard
Victory
Conquest
Starting age
Dark Age
Ending age
Imperial Age
RankedLock teamsTeams togetherTeam positionsShared explorationLock speedFull tech treeHidden civsTurbo modeCheats
Victory
Defeat
🇩🇪 Shu · Germany
1363
+11
🇺🇸 Magyars · United States
1233
+17
🇳🇱 Vietnamese · Netherlands
1258
-14
🇧🇪 Franks · Belgium
1257
-14
sesquipedalia
10:03 Feudal Age
11:42 Loom
16:38 Double-Bit Axe
17:20 Horse Collar
21:08 Wheelbarrow
26:00 Castle Age
Myrmidon Overlord
3:06 Loom
8:59 Feudal Age
8:02 Loom
10:53 Double-Bit Axe
14:00 Fletching
18:33 Wheelbarrow
18:14 Padded Archer Armor
24:42 Castle Age
23:22 Gold Mining
FragileCookie
5:54 Loom
9:15 Feudal Age
9:21 Feudal Age
22:52 Castle Age
21:20 Double-Bit Axe
bosmansc6
9:20 Feudal Age
7:35 Loom
9:49 Double-Bit Axe
9:44 Horse Collar
13:25 Fletching
16:24 Padded Archer Armor
19:19 Gold Mining
23:39 Castle Age
Connection lost

Rejoining the realm…

Still unreachable

The connection could not be restored.

Session expired

The server has moved on; the page needs a fresh start.